 Dungeon Crawl Stone Soup version 0.30-a0-760-g5a9884bb7c (webtiles) character file.

Game seed: 9351530051226696846

64 BRD the Ducker (level 3, 0/28 HPs)
             Began as a Demonspawn Gladiator on Feb 11, 2023.
             Slain by a gnoll
             ... wielding a +0 flail
              (2 damage)
             ... on level 2 of the Dungeon.
             The game lasted 00:01:53 (1188 turns).

BRD the Ducker (Demonspawn Gladiator)               Turns: 1188, Time: 00:01:53

Health: 0/28       AC:  7    Str: 14    XL:     3   Next: 91%
Magic:  0/3        EV: 10    Int: 11    God:
Gold:   66         SH:  0    Dex: 14    Spells: 2/2 levels left

rFire   . . .      SeeInvis .    a - +0 war axe
rCold   . . .      Faith    .    (no shield)
rNeg    + . .      Spirit   +    m - +0 scale mail
rPois   .          Reflect  .    c - +0 helmet
rElec   .          Harm     .    (no cloak)
rCorr   .          Rampage  .    (no gloves)
Will    .....                    (no boots) Stlth
                                 g - amulet of guardian spirit
HPRegen 0.24/turn                f - ring of positive energy
MPRegen 0.16/turn                (no ring)

@: no status effects
A: magic regeneration
a: no special abilities


You were on level 2 of the Dungeon.
You visited 1 branch of the dungeon, and saw 2 of its levels.

You collected 66 gold pieces.

Inventory:

Hand Weapons
 a - a +0 war axe (weapon)
Missiles
 d - 3 throwing nets
 e - a javelin (quivered)
Armour
 b - a +0 leather armour
 c - a +0 helmet (worn)
 m - a +0 scale mail (worn)
Jewellery
 f - a ring of positive energy (left hand)
 g - an amulet of guardian spirit (around neck)
Scrolls
 k - a scroll of identify {unknown}
 l - a scroll of amnesia {unknown}
 o - a scroll of magic mapping {unknown}
 p - 2 scrolls of poison {unknown}
 q - a scroll of summoning {unknown}
Potions
 h - a potion of flight {unknown}
 i - 2 potions of invisibility {unknown}
 j - a potion of lignification {unknown}
 n - a potion of resistance {unknown}
 r - a potion of curing {unknown}


   Skills:
 + Level 2.9 Fighting
 + Level 3.3 Axes
 - Level 2.0 Throwing
 + Level 3.3 Dodging


You had 2 spell levels left.
You didn't know any spells.
Your spell library was empty.

Dungeon Overview and Level Annotations

Branches:
Dungeon (2/15)

Altars:


Innate Abilities, Weirdness & Mutations

You regenerate magic rapidly.


Message History

The goblin hits you with a +0 club.
You slash the goblin!
You kill the goblin!
The goblin shoots a sling bullet.
The sling bullet barely misses you.
The goblin unwields a +0 sling.
The goblin wields a +0 dagger.
The goblin closely misses you.
You see here a +0 club.
You barely miss the goblin. The goblin hits you but does no damage.
You slash the goblin!
You kill the goblin!
No target in view! 2 gnolls come into view.
The gnoll shouts! x2
A gnoll comes into view. It is wielding a +0 spear.
A gnoll comes into view. It is wielding a +0 flail.
Found 8 gold pieces.
The gnoll shouts! x2
A rat comes into view.
The gnoll hits you but does no damage. The gnoll hits you with a +0 spear.
You hit the gnoll but do no damage. You barely miss the gnoll.
The gnoll hits you with a +0 spear.
You hit the gnoll.
The gnoll is moderately wounded.
You hit the gnoll. The gnoll hits you but does no damage.
The gnoll hits you with a +0 spear.
The gnoll hits you from afar with a +0 spear.
The gnoll hits you with a +0 flail.
The gnoll hits you from afar with a +0 spear.
The gnoll completely misses you. The gnoll hits you but does no damage.
You are too injured to fight recklessly!
You are too injured to fight recklessly!
You are too injured to fight recklessly!
You are too injured to fight recklessly!
You hit the gnoll but do no damage. You hit the gnoll.
You closely miss the gnoll. The gnoll hits you with a +0 spear.
* * * LOW HITPOINT WARNING * * *
The gnoll hits you from afar with a +0 spear.
* * * LOW HITPOINT WARNING * * *
The gnoll barely misses you. The gnoll hits you with a +0 flail.
You die...

....#.......#.##
................
....###.#.###.##
.......#.#.....
#####.....#.#.## .
..........#.#.## ...
#####.....#.#.##
....$#+######.....#.#.##
.....rg@....#.....#.#.##
.....ggg###....)..#.#.##
........# ##...)..#.#.##
.$...#### #......#.#...
..... #......#.#### ....
#......#.# ...
##.....#.# ... ##+####.#
#..###.#


You could see 4 gnolls and a rat.

Vanquished Creatures
  2 adders (D:2)
  A bat (D:2)
  2 giant cockroaches (D:1)
  8 goblins
  2 hobgoblins
  10 jackals (D:1)
  3 kobolds
  5 ball pythons
  3 frilled lizards (D:1)
  4 rats (D:1)
40 creatures vanquished.

Notes
Turn   | Place    | Note
-------+----------+-------------------------------------------
     0 | D:1      | BRD the Demonspawn Gladiator began the quest for the Orb.
     0 | D:1      | Reached XP level 1. HP: 16/16 MP: 1/1
   100 | D:1      | Gained mutation: You regenerate magic rapidly. [demonic
                  | ancestry]
   100 | D:1      | Reached XP level 2. HP: 20/22 MP: 2/2
   325 | D:1      | Reached XP level 3. HP: 27/28 MP: 3/3
   464 | D:1      | Found a faded altar of an unknown god.
  1188 | D:2      | Slain by a gnoll

Illustrated notes

Levels and vault maps discovered:
D:1:      dpeg_arrival_simpleton_c, layout_basic,
          shapermc_ecumenical_altar_mp_ritualfount, minmay_split_cup_small
D:2:      layout_basic

Skill      XL: |  1  2 |
---------------+-------+-----
Throwing       | 2 |  2.0
Axes           | 3 |  3.3
Dodging        | 3 |  3.3
Fighting       | |  2.9

Action                     || total
---------------------------++-------
  Melee: War axe           ||   116
         Punch             ||     1
 Armour: Leather armour    ||    30
         Scale mail        ||    26
  Dodge: Dodged            ||   105

Table legend: (Time is in decaauts)
 A = Elapsed time spent in this place.
 B = Non-inter-level travel time spent in this place.
 C = Inter-level travel time spent in this place.
 D = Time resting spent in this place.
 E = Time spent auto-exploring this place.
 F = Levels seen in this place.
 G = Mean time per level.
                   A        B        C        D        E       F      G
               +--------+--------+--------+--------+--------+-----+--------+
         Total |   1227 |   1208 |     19 |      2 |    918 |   2 |  613.5 |
       Dungeon |   1227 |   1208 |     19 |      2 |    918 |   2 |  613.5 |
               +--------+--------+--------+--------+--------+-----+--------+

Top non-repeatable levels by time:
     D:1: 653 daAuts
     D:2: 573 daAuts
